 Dungeon Crawl Stone Soup version 0.27-a0-1123-g2f9bb313c0 (webtiles) character file.

Game seed: 14059866184571401802

40 runemasterragnar the Sneak (level 3, 0/34 HPs)
             Began as a Naga Monk on May 3, 2021.
             Slain by a quokka (1 damage)
             ... on level 2 of the Dungeon.
             The game lasted 00:02:28 (1457 turns).

runemasterragnar the Sneak (Naga Monk)              Turns: 1457, Time: 00:02:29

Health: 0/34       AC:  3    Str: 13    XL:     3   Next: 50%
Magic:  3/3        EV: 10    Int: 11    God:
Gold:   29         SH:  0    Dex: 13    Spells: 2/2 levels left

rFire    . . .     SeeInvis +   m - +0 mace
rCold    . . .     Faith    .   (no shield)
rNeg     . . .     Spirit   .   d - +0 leather armour
rPois    +         Reflect  .   (no helmet)
rElec    .         Harm     .   (no cloak)
rCorr    .         Rampage  .   c - +0 pair of gloves
Will     .....                  (no barding)
Stlth    ++........             (no amulet)
HPRegen  0.11/turn              (no ring)
MPRegen  0.08/turn              (no ring)

@: mighty, brilliant, short of breath, weak-willed, very slow
A: AC +1, large, see invisible, deformed body, poison resistance, slowness 2,
spit poison 1, naga tail 1
a: Spit Poison


You were on level 2 of the Dungeon.
You visited 1 branch of the dungeon, and saw 2 of its levels.

You collected 57 gold pieces.
You spent 28 gold pieces at shops.

Inventory:

Hand Weapons
 m - a +0 mace (weapon)
Armour
 a - a +0 robe
 c - a +0 pair of gloves (worn)
 d - a +0 leather armour (worn)
Jewellery
 j - an amulet of faith
Scrolls
 b - 5 scrolls of identify
 f - a scroll of noise


   Skills:
 + Level 3.3 Fighting
 * Level 1.2 Armour
 + Level 2.7 Dodging
 + Level 3.8 Stealth
 - Level 3.0 Unarmed Combat


You had 2 spell levels left.
You didn't know any spells.
Your spell library was empty.

Dungeon Overview and Level Annotations

Branches:
Dungeon (2/15)

Altars:

Shops:
D:1 ?


Innate Abilities, Weirdness & Mutations

Your serpentine skin is tough. (AC +1)
You have supernaturally acute eyesight. (SInv)
Armour fits poorly on your strangely shaped body.
Your system is resistant to poisons. (rPois)
You cover ground very slowly.
You can spit poison.
You have a snake-like lower body.


Message History

* * * LOW HITPOINT WARNING * * *
You closely miss the phantom.
The phantom is lightly damaged.
The phantom hits you but does no damage.
You aren't carrying any potions.
Unknown command.
As you read the scroll labelled CAGGETUDERIGH, it crumbles to dust.
You hear a loud clanging noise!
It was a scroll of noise.
You hear a bark! x2; You hear an angry hiss.
You hear a shout! x2
The phantom barely misses you.
As you read the scroll labelled ZOORRU PAUZE, it crumbles to dust.
Magic quickly surges around you.
It was a scroll of vulnerability.
The phantom hits you but does no damage.
As you read the scroll labelled ENEGOA WOJISTRI, it crumbles to dust.
The creatures around you are filled with an inner flame!
It was a scroll of immolation.
The phantom hits you.
* * * LOW HITPOINT WARNING * * *
The phantom blinks!
You blink.
As you read the scroll labelled NUETAN BICYL, it crumbles to dust.
You feel strangely unstable.
It was a scroll of teleportation.
The phantom hits you but does no damage.
The phantom hits you.
* * * LOW HITPOINT WARNING * * *
Your surroundings suddenly seem different.
A quokka comes into view.
An adder comes into view.
You aren't carrying any potions.
Okay, then.
Press: ? - help, Shift-Dir - straight line, f - quokka
Aim: a quokka
Okay, then.
Press: ? - help, Shift-Dir - straight line, f - adder
Aim: an adder (wandering, hasn't noticed you)
The splash of poison misses the adder.
The adder hisses angrily.
Unknown command.
You completely miss the quokka.
The quokka bites you but does no damage.
The quokka bites you.
You die...

#######
##.....##
##.......##
#.........#
#....@....#
#....r....#
#....S....#
#.........#
#.........#
#...........
#............
#.........##.


You could see an adder and a quokka.

Vanquished Creatures
  An adder (D:2)
  A worm (D:2)
  3 bats
  2 endoplasms (D:2)
  A goblin (D:1)
  2 hobgoblins (D:1)
  5 jackals (D:1)
  4 ball pythons
  3 frilled lizards
  3 kobolds
  2 rats
27 creatures vanquished.

Notes
Turn   | Place    | Note
-------+----------+-------------------------------------------
     0 | D:1      | runemasterragnar the Naga Monk began the quest for the Orb.
     0 | D:1      | Reached XP level 1. HP: 21/21 MP: 1/1
   128 | D:1      | Found Mucsy's Magic Scroll Shop.
   175 | D:1      | Bought a scroll of identify for 28 gold pieces
   284 | D:1      | Reached XP level 2. HP: 23/28 MP: 2/2
   908 | D:2      | Reached skill level 1 in Armour
   908 | D:2      | Reached XP level 3. HP: 9/34 MP: 3/3
  1424 | D:2      | Noticed a phantom
  1452 | D:2      | HP: 1/34 [phantom (4)]
  1457 | D:2      | Slain by a quokka

Illustrated notes

Levels and vault maps discovered:
D:1:      minmay_arrival_glassed_features, layout_basic, serial_shops,
          shop_fountains, minmay_pentomino_q2
D:2:      layout_rooms

Skill      XL: |  1  2 |
---------------+-------+-----
Armour         | 1 |  1.2
Fighting       | |  3.3
Dodging        | |  2.7
Stealth        | |  3.8
Unarmed Combat | |  3.0

Action                   || total
-------------------------++-------
Melee: Unarmed           ||   109
       Punch             ||     2
       Mace              ||     5
 Abil: Spit Poison       ||     3
  Use: Potion            ||     4
       Scroll            ||     4
 Stab: Sleeping          ||     4
Armor: Leather armour    ||    44
       Robe              ||     1
Dodge: Dodged            ||    66

Table legend: (Time is in decaauts)
 A = Elapsed time spent in this place.
 B = Non-inter-level travel time spent in this place.
 C = Inter-level travel time spent in this place.
 D = Time resting spent in this place.
 E = Time spent auto-exploring this place.
 F = Levels seen in this place.
 G = Mean time per level.
                   A        B        C        D        E       F      G
               +--------+--------+--------+--------+--------+-----+--------+
         Total |   1720 |   1679 |     41 |      0 |   1335 |   2 |  860.0 |
       Dungeon |   1720 |   1679 |     41 |      0 |   1335 |   2 |  860.0 |
               +--------+--------+--------+--------+--------+-----+--------+

Top non-repeatable levels by time:
     D:1: 1077 daAuts
     D:2: 642 daAuts
